[Event "Team 45 45 League T39"]
[Site "Internet Chess Club"]
[Date "2008.11.07"]
[Round "3"]
[White "alan"]
[Black "zeigmata"]
[Result "1/2-1/2"]
[WhiteElo "2126"]
[BlackElo "2389"]
[Opening "English, 1...Nf6 (Anglo-Indian defense)"]
[ECO "A15"]
[Time "14:02:20"]
[TimeControl "2700+45"]

1. c4 Nf6 2. g3 g6 3. Bg2 Bg7 4. Nc3 O-O 5. Nf3 d6 6. O-O Nc6 7. Rb1 a5 8. d3 e5
9. a3 h6 10. b4 axb4 11. axb4 Ne8 12. b5 Ne7 13. Bb2 c6 14. Ra1 Be6 15. Rxa8
Qxa8 16. Qb3 d5 17. Ra1 Qd8 18. bxc6 bxc6 19. Ra7 dxc4 20. dxc4 Nd6 21. Ba3 Bxc4
22. Qa4 Nec8 23. Ra8 Bb5 24. Nxb5 cxb5 25. Qa6 e4 26. Nd2 f5 27. Nb3 Re8 28. e3
Qb6 29. Bf1 Qxa6 30. Rxa6 Nc4 31. Bc5 Kh7 32. Nd4 Rd8 33. Kg2 Rd7 34. h4 h5 35.
Nxb5 Ne5 36. Bd4 Ne7 37. Ra7 {Game drawn by mutual agreement} 1/2-1/2

[Event "Team 45 45 League T39"]
[Site "Internet Chess Club"]
[Date "2008.11.08"]
[Round "3"]
[White "Extremophile"]
[Black "Kingmaker"]
[Result "1-0"]
[WhiteElo "1798"]
[BlackElo "1998"]
[Opening "Benoni: fianchetto variation"]
[ECO "A62"]
[Time "20:30:07"]
[TimeControl "2700+45"]

1. d4 Nf6 2. Nf3 c5 3. d5 d6 4. c4 e6 5. Nc3 exd5 6. cxd5 g6 7. g3 Bg7 8. Bg2
O-O 9. O-O Na6 10. Nd2 Nc7 11. a4 b6 12. e4 Ba6 13. Re1 b5 14. axb5 Bxb5 15. Nf3
Nd7 16. Bf4 Nb6 17. e5 Nc4 18. Nxb5 Nxb5 19. Qb3 dxe5 20. Bg5 f6 21. Qxc4 Qb6
22. Be3 Rac8 23. b4 Nd6 24. bxc5 Nxc4 25. cxb6 Nxe3 26. Rxe3 axb6 27. Bh3 Rcd8
28. Be6+ Kh8 29. Ra7 Rb8 30. Rc3 Ra8 31. Rxa8 Rxa8 32. Rb3 Rb8 33. d6 Bf8 34. d7
Bc5 35. Nd2 Kg7 36. Nc4 Kf8 37. Nxb6 Bxb6 38. Rxb6 {Black resigns} 1-0

[Event "Team 45 45 League T39"]
[Site "Internet Chess Club"]
[Date "2008.11.06"]
[Round "3"]
[White "jefferyx"]
[Black "decox"]
[Result "0-1"]
[WhiteElo "1864"]
[BlackElo "1810"]
[Opening "Sicilian: Taimanov variation"]
[ECO "B49"]
[Time "17:10:02"]
[TimeControl "2700+45"]

1. e4 c5 2. Nf3 e6 3. d4 cxd4 4. Nxd4 Nc6 5. Nc3 Qc7 6. Be3 a6 7. Be2 Nf6 8. O-O
Bb4 9. Bf3 Ne5 10. Nce2 h5 11. a3 Bd6 12. Nc3 Neg4 13. g3 Nxe3 14. fxe3 Bxg3 15.
hxg3 Qxg3+ 16. Bg2 Ng4 17. Rf3 Qh2+ 18. Kf1 b5 19. Rh3 Qxh3 20. Bxh3 Nxe3+ 21.
Ke2 Nxd1 22. Rxd1 Bb7 23. Rg1 Rg8 24. Ke3 Ke7 25. Rg5 g6 26. Nb3 Rac8 27. Na5
Ba8 28. Nb3 f6 29. Rg1 g5 30. Nd2 g4 31. Bf1 Rg5 32. Kf4 Rh8 33. Ne2 e5+ 34. Kg3
h4+ 35. Kh2 d5 36. exd5 Bxd5 37. Bg2 g3+ 38. Kh1 Bxg2+ 39. Rxg2 Rf5 40. Ng1 Rf2
41. Rxf2 gxf2 42. Nh3 Rd8 43. Nf1 Rd1 44. Kg2 Rc1 45. Ne3 f1=Q+ 46. Nxf1 Rxc2+
47. Kf3 Rxb2 48. Kg4 Ra2 49. Kxh4 Rxa3 50. Nd2 Ra4+ 51. Kg3 Rd4 52. Nb3 Rd3+
{White resigns} 0-1

[Event "Team 45 45 League T39"]
[Site "Internet Chess Club"]
[Date "2008.11.08"]
[Round "3"]
[White "Hesperus"]
[Black "irock"]
[Result "1-0"]
[WhiteElo "1990"]
[BlackElo "1705"]
[Opening "QGD"]
[ECO "D52"]
[Time "12:59:33"]
[TimeControl "2700+45"]

1. d4 d5 2. c4 c6 3. Nc3 Nf6 4. Nf3 e6 5. Bg5 Nbd7 6. e3 h6 7. Bf4 Bb4 8. a3
Bxc3+ 9. bxc3 O-O 10. Qc2 Re8 11. Bd3 c5 12. O-O b6 13. cxd5 exd5 14. a4 Bb7 15.
a5 c4 16. Bf5 Ne4 17. axb6 Nxb6 18. Nd2 Qf6 19. Bxe4 dxe4 20. Ra5 Qg6 21. Rfa1
a6 22. Rb1 Rac8 23. Qb2 Re6 24. Rc5 Bd5 25. Qa3 Rxc5 26. Qxc5 Rc6 27. Rxb6 Rxb6
28. Qxd5 Rb2 29. Nf1 Qg4 30. Qa8+ Kh7 31. Qxe4+ Kg8 32. Qe8+ Kh7 33. Qxf7 Qe2
34. Be5 Qg4 35. Qxc4 Qf5 36. Bg3 Qg6 37. d5 a5 38. d6 Rb1 39. h4 Rd1 40. e4 Qg4
41. Kh2 Qd7 42. Ne3 Ra1 43. e5 a4 44. e6 Qd8 45. Qe4+ g6 46. e7 Qe8 47. d7 Qxd7
48. e8=Q Qxe8 49. Qxe8 a3 50. Qf7+ Kh8 51. Be5# {Black checkmated} 1-0

[Event "Team 45 45 League T39"]
[Site "Internet Chess Club"]
[Date "2008.11.09"]
[Round "3"]
[White "XelNaga"]
[Black "Capamuerte"]
[Result "1-0"]
[WhiteElo "2439"]
[BlackElo "2270"]
[Opening "King's pawn opening"]
[ECO "B07"]
[Time "14:13:16"]
[TimeControl "2700+45"]

1. e4 d6 2. d4 b6 3. Nc3 a6 4. Nf3 h6 5. Bd3 Nd7 6. e5 e6 7. O-O Bb7 8. Bf4 g5
9. Bg3 g4 10. Nd2 h5 11. Qe2 h4 12. Bf4 h3 13. g3 Bg2 14. Rfe1 dxe5 15. dxe5 Nh6
16. Be4 Bxe4 17. Ndxe4 Bg7 18. Rad1 Qc8 19. Bxh6 Bxh6 20. Qxg4 Qb7 21. f4 O-O-O
22. Qf3 b5 23. a3 a5 24. Rd3 Bf8 25. Ng5 Bc5+ 26. Kf1 Qxf3+ 27. Rxf3 b4 28. axb4
axb4 29. Nce4 Rdf8 30. Nxc5 Nxc5 31. Rd1 Na6 32. Ke2 c5 33. Rfd3 Nb8 34. Rd6 Kc7
35. c3 bxc3 36. bxc3 Rhg8 37. Kf3 Rg6 38. R1d2 Nc6 39. Rd7+ Kc8 40. Rxf7 Rxf7
41. Nxf7 {Black resigns} 1-0

[Event "Team 45 45 League T39"]
[Site "Internet Chess Club"]
[Date "2008.11.07"]
[Round "3"]
[White "menorca"]
[Black "PandorasBox"]
[Result "0-1"]
[WhiteElo "2073"]
[BlackElo "2229"]
[Opening "Budapest: Fajarowicz variation"]
[ECO "A51"]
[Time "17:35:53"]
[TimeControl "2700+45"]

1. d4 Nf6 2. c4 e5 3. dxe5 Ne4 4. a3 Nc6 5. Qd5 Nc5 6. Nd2 d6 7. exd6 Bxd6 8.
Ngf3 O-O 9. g3 Be6 10. Qh5 Re8 11. e4 g6 12. Qh6 Bf8 13. Qh4 f6 14. b4 Nxe4 15.
Nxe4 Bf5 16. Be2 Rxe4 17. Bf4 g5 18. Nxg5 fxg5 19. Qxg5+ Qxg5 20. Bxg5 Nd4 21.
Be3 Nc2+ 22. Kd2 Rd8+ 23. Kc3 Nxa1 24. Bd3 Bg7+ {White resigns} 0-1

[Event "Team 45 45 League T39"]
[Site "Internet Chess Club"]
[Date "2008.11.07"]
[Round "3"]
[White "proudchess"]
[Black "tini3blas"]
[Result "1-0"]
[WhiteElo "1964"]
[BlackElo "2146"]
[Opening "French: Paulsen variation"]
[ECO "C10"]
[Time "06:00:12"]
[TimeControl "2700+45"]

1. e4 e6 2. d4 d5 3. Nc3 Ne7 4. Bd3 c6 5. Nf3 Ng6 6. e5 c5 7. dxc5 Bxc5 8. O-O
Nc6 9. Qe2 Nh4 10. Nxh4 Qxh4 11. Nb5 O-O 12. c3 a6 13. Nd6 Rd8 14. Be3 Bxe3 15.
Qxe3 Nxe5 16. Qxe5 f6 17. Nf5 exf5 18. Qc7 Rd7 19. Qb6 Qh5 20. Rfe1 f4 21. Re6
Rc7 22. Rd6 Re7 23. Rd8+ Kf7 24. Rh8 Bf5 25. Rxa8 Bxd3 26. Rb8 Qg4 27. f3 Qd7
28. Rd8 Qc6 29. Qxc6 bxc6 30. Rc8 Re2 31. b3 Rc2 32. Rxc6 Be2 33. Rd6 Rxc3 34.
Rxd5 Rc2 35. b4 Rb2 36. Rd4 g5 37. a4 h5 38. b5 h4 39. h3 Kg6 40. Rd6 g4 41.
bxa6 gxh3 42. a7 h2+ 43. Kxh2 Bxf3 44. Rg1 {Black resigns} 1-0

[Event "Team 45 45 League T39"]
[Site "Internet Chess Club"]
[Date "2008.11.09"]
[Round "3"]
[White "RedAttack"]
[Black "Nosferatu1"]
[Result "1/2-1/2"]
[WhiteElo "1963"]
[BlackElo "1907"]
[Opening "Queen's pawn game, Krause variation"]
[ECO "D02"]
[Time "11:19:40"]
[TimeControl "2700+45"]

1. Nf3 d5 2. d4 c5 3. e3 e6 4. c4 cxd4 5. Nxd4 Nf6 6. Nc3 Be7 7. Be2 dxc4 8.
Qa4+ Bd7 9. Qxc4 Nc6 10. O-O Nxd4 11. Qxd4 Bc6 12. Rd1 Qxd4 13. exd4 Rd8 14. Be3
O-O 15. a3 a6 16. Rd2 Rd7 17. Rad1 Rfd8 18. h3 h6 19. Rc2 Nd5 20. Nxd5 Bxd5 21.
Rdc1 Bf6 22. f3 Ba2 23. Rc7 Bd5 24. b4 b5 25. g4 g5 26. Kf2 Kf8 27. Bd3 Ke7 28.
R7c2 Bb3 29. Rc7 Rxc7 30. Rxc7+ Rd7 31. Rxd7+ Kxd7 32. Be4 Bd5 33. Ke2 Kd6 34.
Bf2 Kc6 35. Kd3 Be7 36. Bg3 Bd6 37. Be5 Bf8 38. Bf6 Kd6 39. Ke3 Kd7 40. Be5 Ke7
41. Bg3 {Game drawn by mutual agreement} 1/2-1/2

[Event "Team 45 45 League T39"]
[Site "Internet Chess Club"]
[Date "2008.11.09"]
[Round "3"]
[White "KNVB"]
[Black "cillu"]
[Result "1-0"]
[WhiteElo "2389"]
[BlackElo "2211"]
[Opening "QGA: 3.e4"]
[ECO "D20"]
[Time "13:01:18"]
[TimeControl "2700+45"]

1. d4 d5 2. c4 dxc4 3. e4 e5 4. Nf3 exd4 5. Bxc4 Nc6 6. O-O Be6 7. Bxe6 fxe6 8.
Qb3 Qd7 9. Qxb7 Rb8 10. Qa6 Nf6 11. Nbd2 Bd6 12. a3 O-O 13. b4 Ng4 14. h3 Nge5
15. Nxe5 Nxe5 16. f4 Rb6 17. Qe2 Ng6 18. e5 Be7 19. Qe4 Qc6 20. Qxd4 Rd8 21. Qe4
Qc3 22. Ra2 Rc6 23. Nb1 Qc4 24. Qxc4 Rxc4 25. Rd2 Rxd2 26. Bxd2 c5 27. b5 Re4
28. Kf2 Ra4 29. Ke2 c4 30. Rc1 Bc5 31. Be3 Bxa3 32. Nxa3 Rxa3 33. Rxc4 Ra2+ 34.
Kf3 Nh4+ 35. Ke4 Nxg2 36. Rc8+ Kf7 37. Rc7+ Kg6 38. Bxa7 Ra4+ 39. Kf3 Nxf4 40.
b6 Nd5 41. Rd7 Ra3+ 42. Kg2 Ra2+ 43. Kg1 Ra1+ 44. Kf2 Ra2+ 45. Ke1 Nc3 46. b7
Rxa7 47. b8=Q Rxd7 48. Qe8+ {Black resigns} 1-0

[Event "Team 45 45 League T39"]
[Site "Internet Chess Club"]
[Date "2008.11.07"]
[Round "3"]
[White "Squeaker"]
[Black "Zumbi"]
[Result "1-0"]
[WhiteElo "1992"]
[BlackElo "2105"]
[Opening "Blackmar gambit"]
[ECO "D00"]
[Time "20:00:12"]
[TimeControl "2700+45"]

1. d4 d5 2. e4 dxe4 3. Nc3 Nf6 4. f3 c6 5. fxe4 e5 6. Nf3 exd4 7. Bc4 dxc3 8.
Qxd8+ Kxd8 9. Ng5 cxb2 10. Bxb2 Bb4+ 11. c3 Re8 12. cxb4 Nxe4 13. O-O-O+ Kc7 14.
Rhe1 Bf5 15. Bd3 Nf2 16. Bxf5 Nxd1 17. Rxe8 Nxb2 18. Kxb2 a5 19. Nxf7 axb4 20.
Rc8+ Kb6 21. Ne5 Ka7 22. Bd3 g6 23. h4 b5 24. Be4 Kb7 25. Rxc6 Ra4 26. Rxg6+ Kc7
27. Rg7+ Kd6 28. Nf7+ Kc5 29. Rg8 Nd7 30. Ra8 Kd4 31. Rxa4 bxa4 32. Bxh7 Nc5 33.
Nd6 a3+ 34. Kb1 Ke5 35. Nc4+ Kf4 36. h5 Kg5 37. Bg6 Ne6 38. Ne5 Nf4 39. g3 Ne2
40. Nf3+ Kh6 41. g4 Nc3+ 42. Ka1 Nd5 43. g5+ Kg7 44. Ne5 Nf4 45. h6+ Kh8 46.
Nf7+ Kg8 47. h7+ Kg7 48. h8=Q+ Kxg6 49. Qf6+ Kh5 50. Ne5 Ne6 51. Qh6# {Black
checkmated} 1-0

[Event "Team 45 45 League T39"]
[Site "Internet Chess Club"]
[Date "2008.11.08"]
[Round "3"]
[White "playwaycool"]
[Black "taulanipov"]
[Result "1-0"]
[WhiteElo "2085"]
[BlackElo "2082"]
[Opening "Trompowsky attack (Ruth, Opocenský opening)"]
[ECO "A45"]
[Time "23:00:43"]
[TimeControl "2700+45"]

1. d4 Nf6 2. Bg5 e6 3. e4 d5 4. e5 h6 5. Be3 Nfd7 6. f4 c5 7. c3 Nc6 8. Nf3 Qb6
9. Qd2 cxd4 10. cxd4 Bb4 11. Nc3 Qa5 12. Bd3 Nb6 13. O-O Na4 14. Rac1 Nxc3 15.
bxc3 Ba3 16. Rb1 a6 17. g4 b5 18. f5 Bd7 19. f6 gxf6 20. Bxh6 fxe5 21. Nxe5 Nxe5
22. dxe5 Bf8 23. Bg5 Bg7 24. Qf2 O-O 25. Qh4 Rfc8 26. Qh7+ Kf8 27. Rxf7+ Kxf7
28. Bg6+ Kf8 29. Rf1+ {Black resigns} 1-0

[Event "Team 45 45 League T39"]
[Site "Internet Chess Club"]
[Date "2008.11.06"]
[Round "3"]
[White "Gail"]
[Black "eurander"]
[Result "1/2-1/2"]
[WhiteElo "2461"]
[BlackElo "2245"]
[Opening "QGD Slav: 4.e3"]
[ECO "D11"]
[Time "14:00:11"]
[TimeControl "2700+45"]

1. Nf3 d5 2. d4 Nf6 3. c4 c6 4. e3 e6 5. b3 Bd6 6. Bb2 Ne4 7. Nbd2 f5 8. Be2 O-O
9. O-O Bd7 10. Ne5 Be8 11. Nxe4 fxe4 12. Bg4 Qe7 13. f3 exf3 14. Rxf3 Nd7 15.
Rxf8+ Nxf8 16. Qe2 Ng6 17. e4 Nxe5 18. dxe5 Bc5+ 19. Kh1 dxc4 20. Qxc4 Bf7 21.
Rc1 Bb6 22. Rd1 Rd8 23. Rd6 Bc7 24. Rxd8+ Qxd8 25. Qd4 Qxd4 26. Bxd4 b6 27. b4
Kf8 {Game drawn by mutual agreement} 1/2-1/2

[Event "Team 45 45 League T39"]
[Site "Internet Chess Club"]
[Date "2008.11.10"]
[Round "3"]
[White "Gil-galad"]
[Black "Road-Runner"]
[Result "1/2-1/2"]
[WhiteElo "2101"]
[BlackElo "2287"]
[Opening "QGD: exchange, positional line, 5...c6"]
[ECO "D35"]
[Time "14:40:42"]
[TimeControl "2700+45"]

1. d4 d5 2. c4 e6 3. Nc3 Nf6 4. cxd5 exd5 5. Bg5 c6 6. e3 Nbd7 7. Bd3 Be7 8. Qc2
Nh5 9. Bxe7 Qxe7 10. Nf3 Nf4 11. Bf1 Nb6 12. Ne5 Ne6 13. Be2 f6 14. Nd3 Bd7 15.
O-O O-O 16. b4 Nc4 17. a4 a6 18. b5 axb5 19. axb5 Ra3 20. bxc6 bxc6 21. Rxa3
Qxa3 22. Na4 Rb8 23. Nac5 Nxc5 24. Nxc5 Rb2 25. Qd3 Bc8 {Game drawn by mutual
agreement} 1/2-1/2

[Event "Team 45 45 League T39"]
[Site "Internet Chess Club"]
[Date "2008.11.08"]
[Round "3"]
[White "Petrozjan"]
[Black "JustinSane"]
[Result "1-0"]
[WhiteElo "2160"]
[BlackElo "2065"]
[Opening "Benoni defense"]
[ECO "A61"]
[Time "14:00:12"]
[TimeControl "2700+45"]

1. d4 Nf6 2. Nf3 e6 3. c4 c5 4. d5 exd5 5. cxd5 d6 6. Nc3 g6 7. Bf4 Bg7 8. Qa4+
Bd7 9. Qb3 Qc7 10. e4 Nh5 11. Be3 O-O 12. Be2 a6 13. a4 Bg4 14. O-O Nd7 15. Rfe1
Rae8 16. Qc2 Ne5 17. Nxe5 Bxe2 18. Nxg6 fxg6 19. Nxe2 Be5 20. Qd2 Rf7 21. Ra3
Ref8 22. f3 Qb6 23. Rb1 Qd8 24. Bg5 Qd7 25. Rc1 b6 26. b4 Nf4 27. Nxf4 Rxf4 28.
Rb1 Bd4+ 29. Kh1 cxb4 30. Rxb4 Be5 31. Bxf4 Bxf4 32. Qc2 Qe7 33. g3 {Black
resigns} 1-0

[Event "Team 45 45 League T39"]
[Site "Internet Chess Club"]
[Date "2008.11.06"]
[Round "3"]
[White "The7thGuest"]
[Black "KarloTurk"]
[Result "0-1"]
[WhiteElo "2039"]
[BlackElo "2026"]
[Opening "Sicilian: Katalimov variation"]
[ECO "B27"]
[Time "13:47:04"]
[TimeControl "2700+45"]

1. e4 c5 2. Nf3 b6 3. d4 cxd4 4. Nxd4 Bb7 5. Nc3 a6 6. Be3 g6 7. f3 Bg7 8. Qd2
d6 9. Bc4 Nd7 10. a3 Rc8 11. Ba2 h5 12. O-O Ngf6 13. Rae1 Ne5 14. b3 Qc7 15.
Nce2 d5 16. f4 Neg4 17. e5 Ne4 18. Qc1 Bh6 19. h3 Nxe3 20. Qxe3 Qxe5 21. Ng3 Qd6
22. Nxe4 dxe4 23. c4 Qxa3 24. Bb1 f5 25. Kh1 Qc5 26. Qg3 Kf7 27. Rd1 Rhd8 28.
Ne6 Rxd1 29. Rxd1 Qa3 30. Ng5+ Bxg5 31. fxg5 Rxc4 32. Qf4 Qxb3 33. Rg1 e3 34.
Qb8 Bd5 35. Qh8 Qc3 36. Qd8 Rc5 37. Bxf5 gxf5 38. g6+ Kxg6 39. Qxe7 Rc6 40. Qd8
Qe5 41. h4 Qf6 {White resigns} 0-1

[Event "Team 45 45 League T39"]
[Site "Internet Chess Club"]
[Date "2008.11.10"]
[Round "3"]
[White "LeSacAttack"]
[Black "Checkmates"]
[Result "0-1"]
[WhiteElo "2285"]
[BlackElo "2419"]
[Opening "King's Indian: 5.Be2"]
[ECO "E73"]
[Time "15:00:34"]
[TimeControl "2700+45"]

1. d4 Nf6 2. c4 g6 3. Nc3 Bg7 4. e4 d6 5. Be2 O-O 6. g4 a6 7. g5 Nfd7 8. f4 c5
9. d5 b5 10. h4 bxc4 11. h5 Nb6 12. Bg4 e6 13. hxg6 hxg6 14. dxe6 fxe6 15. Qf3
Nc6 16. Qh3 Kf7 17. f5 exf5 18. exf5 Qe7+ 19. Kd1 Rh8 20. Qg2 Rxh1 21. Qxh1 Ne5
22. fxg6+ Nxg6 23. Bf3 Rb8 24. Nge2 Bb7 25. Bd2 Ne5 26. g6+ Nxg6 27. Kc2 Bxf3
28. Qxf3+ Qf6 29. Qg2 Qf5+ 30. Qe4 Qxe4+ 31. Nxe4 Be5 32. N2c3 {White resigns}
0-1

[Event "Team 45 45 League T39"]
[Site "Internet Chess Club"]
[Date "2008.11.08"]
[Round "3"]
[White "Zkid"]
[Black "kingcapture"]
[Result "1-0"]
[WhiteElo "2207"]
[BlackElo "2317"]
[Opening "Sicilian: dragon, Yugoslav attack, 10.O-O-O"]
[ECO "B78"]
[Time "11:00:28"]
[TimeControl "2700+45"]

1. e4 c5 2. Nf3 d6 3. d4 cxd4 4. Nxd4 Nf6 5. Nc3 g6 6. Be3 Bg7 7. Bc4 O-O 8. f3
Nc6 9. Qd2 Bd7 10. O-O-O Rc8 11. Bb3 Ne5 12. Kb1 Re8 13. h4 h5 14. Bh6 Nc4 15.
Bxc4 Rxc4 16. Bxg7 Kxg7 17. g4 hxg4 18. h5 Rh8 19. hxg6 fxg6 20. f4 Rh5 21. e5
Nh7 22. f5 Qb6 23. Rxh5 gxh5 24. f6+ exf6 25. exf6+ Kf7 26. Qd3 Rxc3 27. Qxh7+
Kxf6 28. Qxd7 Re3 29. Qf5+ Ke7 30. Qg5+ {Black resigns} 1-0

[Event "Team 45 45 League T39"]
[Site "Internet Chess Club"]
[Date "2008.11.06"]
[Round "3"]
[White "Beetlejuice"]
[Black "SONIA"]
[Result "0-1"]
[WhiteElo "1924"]
[BlackElo "1969"]
[Opening "Catalan: closed, 5.Nf3"]
[ECO "E08"]
[Time "16:01:40"]
[TimeControl "2700+45"]

1. d4 d5 2. Nf3 Nf6 3. c4 e6 4. g3 Be7 5. Bg2 O-O 6. O-O c6 7. Qc2 Nbd7 8. Rd1
Re8 9. b3 Ne4 10. Bb2 f5 11. Nfd2 Ndf6 12. Nc3 Bd6 13. f3 Nxc3 14. Bxc3 f4 15.
e4 fxe3 16. Nf1 e5 17. dxe5 Bxe5 18. Bxe5 Rxe5 19. Qc3 Qe8 20. Rd3 e2 21. Ne3
Bf5 22. f4 Re6 23. cxd5 cxd5 24. Bxd5 Nxd5 25. Qc4 Bxd3 26. Qxd5 Rd8 {White
resigns} 0-1

[Event "Team 45 45 League T39"]
[Site "Internet Chess Club"]
[Date "2008.11.08"]
[Round "3"]
[White "easycure"]
[Black "pestka"]
[Result "0-1"]
[WhiteElo "2395"]
[BlackElo "2237"]
[Opening "QGD: Orthodox defense, Bd3 line"]
[ECO "D66"]
[Time "15:01:22"]
[TimeControl "2700+45"]

1. d4 d5 2. c4 c6 3. Nc3 Nf6 4. Nf3 e6 5. Bg5 Nbd7 6. e3 Be7 7. Rc1 O-O 8. Bd3
h6 9. Bh4 Re8 10. O-O dxc4 11. Bxc4 Nd5 12. Bxe7 Nxc3 13. Rxc3 Qxe7 14. Qc2 Rb8
15. a3 b6 16. Ba2 Bb7 17. Bb1 g6 18. b4 c5 19. dxc5 bxc5 20. bxc5 Bxf3 21. gxf3
Qg5+ 22. Kh1 Qh5 23. e4 Nxc5 24. Rd1 Rb5 25. a4 Ra5 26. Rd4 Qh3 27. Qc1 Nxa4 28.
Ra3 Rg5 {White resigns} 0-1

[Event "Team 45 45 League T39"]
[Site "Internet Chess Club"]
[Date "2008.11.10"]
[Round "3"]
[White "Kolibri"]
[Black "DTK"]
[Result "1/2-1/2"]
[WhiteElo "2115"]
[BlackElo "2161"]
[Opening "French: MacCutcheon, Lasker variation"]
[ECO "C12"]
[Time "15:01:39"]
[TimeControl "2700+45"]

1. e4 e6 2. d4 d5 3. Nc3 Nf6 4. Bg5 Bb4 5. e5 h6 6. Bd2 Bxc3 7. bxc3 Ne4 8. Bd3
Nxd2 9. Qxd2 c5 10. Bb5+ Bd7 11. Bxd7+ Nxd7 12. Ne2 Qa5 13. Nc1 cxd4 14. cxd4
Qxd2+ 15. Kxd2 Nb6 16. a4 Nc4+ 17. Kd3 b6 18. Nb3 Ke7 19. a5 f6 20. axb6 axb6
21. f4 Rhc8 22. Rxa8 Rxa8 23. Ra1 Rxa1 24. Nxa1 g5 25. g3 g4 26. c3 f5 27. Nc2
Kd7 28. Nb4 Kc7 29. Na6+ Kb7 {Game drawn by mutual agreement} 1/2-1/2

[Event "Team 45 45 League T39"]
[Site "Internet Chess Club"]
[Date "2008.11.09"]
[Round "3"]
[White "Ser-Enigma"]
[Black "Monsoon-Smith"]
[Result "1/2-1/2"]
[WhiteElo "2120"]
[BlackElo "2052"]
[Opening "King's Indian: 4.e4"]
[ECO "E70"]
[Time "11:03:11"]
[TimeControl "2700+45"]

1. d4 Nf6 2. c4 g6 3. Nc3 Bg7 4. e4 d6 5. Bd3 O-O 6. Nge2 Nc6 7. O-O Nh5 8. Be3
e5 9. d5 Ne7 10. b4 f5 11. f3 f4 12. Bf2 g5 13. Nc1 Nf6 14. Be2 h5 15. a4 g4 16.
Bh4 Qd7 17. c5 Ng6 18. Bxf6 Rxf6 19. cxd6 cxd6 20. Qe1 Rf7 21. Ra2 Qd8 22. a5
Bf8 23. Kh1 Qg5 24. Rg1 Rg7 25. Rc2 Rc7 26. Qd1 Bd7 27. Bb5 g3 28. h3 Qd8 29.
N1a2 Be7 30. Qd3 Qc8 31. Bxd7 Qxd7 32. Rgc1 Rac8 33. Kg1 Nh8 34. Kf1 Nf7 35. Ne2
Bd8 36. Rxc7 Rxc7 37. Rxc7 Bxc7 38. Nac3 a6 39. Qc4 Ng5 40. Ng1 Kf8 41. Ke1 Ke7
42. Kd2 Kd8 43. Kc2 Qc8 44. Kb3 Qa8 45. Na4 Qa7 46. Ne2 Qe3+ 47. Nac3 Nxf3 48.
gxf3 g2 49. b5 Bxa5 50. bxa6 bxa6 51. Qxa6 Bxc3 52. Qxd6+ Ke8 53. Qg6+ Kd8 54.
Qxg2 Be1+ 55. Ka4 Qa7+ 56. Kb3 Qa1 57. Qg8+ Kc7 58. Qf7+ Kd8 59. Qf6+ Kd7 60.
Qc6+ Kd8 61. Qc1 Qa5 62. Qc4 Qb6+ 63. Kc2 Qf2 64. d6 Ba5 65. Qb5 Bb6 66. Kb3 Qc5
67. Qxc5 Bxc5 68. Kc4 Bxd6 69. Kd5 Ke7 70. Nc1 Bb8 71. Nd3 Kf6 72. Nc5 Kg5 73.
Nd7 Bc7 74. Nxe5 Kh4 75. Ng6+ Kxh3 76. e5 Kg3 77. Ke4 Bxe5 78. Nxe5 h4 79. Kd3
h3 80. Ng4 Kxf3 81. Nh2+ Kg3 82. Nf1+ Kg2 83. Ke2 f3+ 84. Ke1 Kg1 85. Nh2 f2+
86. Ke2 Kg2 87. Nf1 h2 88. Nxh2 Kxh2 89. Kxf2 {Game drawn because neither player
has mating material} 1/2-1/2

[Event "Team 45 45 League T39"]
[Site "Internet Chess Club"]
[Date "2008.11.05"]
[Round "3"]
[White "fledermaus"]
[Black "chsrules88"]
[Result "1/2-1/2"]
[WhiteElo "2004"]
[BlackElo "2053"]
[Opening "QGD: Chigorin defense"]
[ECO "D07"]
[Time "22:19:58"]
[TimeControl "2700+45"]

1. d4 d5 2. c4 Nc6 3. Nc3 Nf6 4. Nf3 Bg4 5. cxd5 Bxf3 6. gxf3 Nxd5 7. e4 Nxc3 8.
bxc3 e5 9. Rb1 exd4 10. Rxb7 Qf6 11. Qa4 d3 12. Bd2 O-O-O 13. Qa6 Rd6 14. Rb5+
Kd7 15. Bh3+ Ke8 16. Rf5 Qg6 17. Qc8+ Rd8 18. Qxc7 Ne7 19. Rg5 Qa6 20. Ra5 Qb6
21. Qxb6 axb6 22. Ra7 Nc6 23. Ra6 Ne5 24. Bg2 Bc5 25. O-O Nc4 26. Rd1 Nb2 27.
Rb1 Nc4 28. Bf4 f6 29. h4 Rf8 30. Rd1 Rf7 31. Bf1 Rfd7 32. Kg2 Kf7 33. a4 Kg8
34. Bd2 Kf7 35. Bf4 {Game drawn by mutual agreement} 1/2-1/2

[Event "Team 45 45 League T39"]
[Site "Internet Chess Club"]
[Date "2008.11.09"]
[Round "3"]
[White "gyoung"]
[Black "Uwak"]
[Result "0-1"]
[WhiteElo "2232"]
[BlackElo "2340"]
[Opening "Sicilian: Labourdonnais-Löwenthal (Kalashnikov) variation"]
[ECO "B32"]
[Time "21:00:23"]
[TimeControl "2700+45"]

1. e4 c5 2. Nf3 Nc6 3. d4 cxd4 4. Nxd4 e5 5. Nb5 d6 6. c4 Be7 7. N1c3 a6 8. Na3
f5 9. exf5 Bxf5 10. Bd3 Be6 11. Be3 Nf6 12. O-O O-O 13. f3 Nb4 14. Be4 Nxe4 15.
fxe4 Rxf1+ 16. Qxf1 Bg5 17. Qe2 Bxe3+ 18. Qxe3 Qc7 19. Qe2 Rf8 20. Rf1 Qc5+ 21.
Kh1 Rxf1+ 22. Qxf1 Qd4 23. Qe2 Nd3 24. h3 Nf4 25. Qe1 Bxc4 26. Nxc4 Qxc4 27. Kh2
b5 28. Qh4 Qc7 29. a3 h6 30. Qg4 Qb7 31. g3 Nd3 32. Qe2 Nc5 33. Nd5 Ne6 34. Kg2
Nd4 35. Qf2 Qd7 36. Qe1 Qf7 37. Qe3 Kh8 38. b4 Kh7 39. Qf2 Qg6 40. Qe3 Nc2 41.
Qe2 Nxa3 42. Kh2 Nc4 43. h4 Qf7 44. h5 Qd7 45. Qf2 Qe8 46. Qf5+ Kg8 47. g4 Qf7
48. Qc8+ Kh7 49. Qd8 Qf2+ 50. Kh1 Qf3+ 51. Kh2 Qxg4 52. Qe8 Nd2 53. Nf6+ gxf6
54. Qe7+ Qg7 55. Qd8 Nf3+ 56. Kh3 Ne1 57. Kh4 Qg5+ 58. Kh3 Qg2+ 59. Kh4 Nf3#
{White checkmated} 0-1

[Event "Team 45 45 League T39"]
[Site "Internet Chess Club"]
[Date "2008.11.07"]
[Round "3"]
[White "searchforbobby1"]
[Black "f5"]
[Result "0-1"]
[WhiteElo "2222"]
[BlackElo "2185"]
[Opening "Center game: Berger variation"]
[ECO "C22"]
[Time "21:35:54"]
[TimeControl "2700+45"]

1. e4 e5 2. d4 exd4 3. Qxd4 Nc6 4. Qe3 Nf6 5. Nc3 Be7 6. Bd2 Ng4 7. Qg3 d6 8. h4
Bf6 9. O-O-O Be5 10. f4 Bd4 11. Nh3 h5 12. Be2 g6 13. Rhf1 Bf6 14. Ng5 Nd4 15.
Bf3 c6 16. e5 Bxg5 17. hxg5 d5 18. Ne2 Nf5 19. Qe1 Nge3 20. Nc3 Nxd1 21. Qxd1
Be6 22. Rh1 Ng3 23. Rh2 Qe7 24. Be1 Nf5 25. Bf2 Qb4 26. g3 O-O-O 27. a3 Qa5 28.
Qg1 b6 29. Be1 Qc5 30. Bf2 Qe7 31. Kb1 Kb8 32. Qe1 Bc8 33. Qh1 Rhe8 34. Qd1 Bb7
35. Qd2 Qe6 36. Rh1 c5 37. Rh2 d4 38. Ne4 Bd5 39. Rh1 Qc6 40. Re1 Ne3 41. Bxe3
Bxe4 42. Bxe4 Qxe4 43. Bf2 Qc6 44. Rd1 Re7 45. Qe2 Red7 46. Be1 Kb7 47. Rc1 d3
48. cxd3 Rxd3 49. Bc3 Qf3 50. Qxf3+ Rxf3 51. Be1 Rf1 52. Kc2 Rd4 53. Rd1 Rxd1
54. Kxd1 Kc6 55. Ke2 Rh1 56. f5 Kd7 57. fxg6 fxg6 58. Bc3 Ke6 59. Kf2 Rc1 60.
Ke3 Rxc3+ 61. bxc3 Kxe5 62. c4 Kf5 63. a4 Kxg5 64. Ke4 Kg4 65. Kd5 Kxg3 66. a5
h4 {White resigns} 0-1

[Event "Team 45 45 League T39"]
[Site "Internet Chess Club"]
[Date "2008.11.08"]
[Round "3"]
[White "nardz"]
[Black "Blade"]
[Result "1/2-1/2"]
[WhiteElo "2117"]
[BlackElo "2096"]
[Opening "QGD Slav: Steiner variation"]
[ECO "D16"]
[Time "19:01:08"]
[TimeControl "2700+45"]

1. d4 d5 2. c4 c6 3. Nf3 Nf6 4. Nc3 dxc4 5. a4 Bg4 6. e3 e5 7. dxe5 Qxd1+ 8.
Nxd1 Ne4 9. Bxc4 Bb4+ 10. Ke2 Nd7 11. h3 Nxe5 12. Bb3 Nxf3 13. hxg4 Nfg5 14. Rg1
O-O-O 15. f3 Nc5 16. Bc2 Rd6 17. Nf2 Rhd8 18. Rd1 Rxd1 19. Nxd1 Nge6 20. Nf2 Kb8
21. f4 Re8 22. Kf3 Ka8 23. Nh3 Rd8 24. Ke2 f6 25. Ng1 Nc7 26. Nf3 h6 27. Nd4 Nd5
28. g3 Ba5 29. Nb3 Nb4 30. Nxc5 Nxc2 31. Rb1 Re8 32. Kd3 Nb4+ 33. Ke2 Bb6 34.
Nd7 {Game drawn by mutual agreement} 1/2-1/2